 Dungeon Crawl Stone Soup version 0.17.1-3-g152610e (webtiles) character file.

63 Yevrel the Skirmisher (level 3, -7/29 HPs)
             Began as a Demonspawn Abyssal Knight on Apr 5, 2016.
             Was a Follower of Lugonu.
             Mangled by an iguana (9 damage)
             ... on level 2 of the Dungeon.
             The game lasted 00:04:52 (2181 turns).

Yevrel the Skirmisher (Demonspawn Abyssal Knight)   Turns: 2181, Time: 00:04:52

Health: -7/29      AC: 11    Str: 13      XL:     3   Next: 89%
Magic:  5/5        EV:  3    Int: 10 (13) God:    Lugonu [*.....]
Gold:   103        SH:  0    Dex: 12      Spells: 0 memorised, 2 levels left

rFire  . . .     SeeInvis .     a - +1 mace
rCold  . . .     Clarity  .     m - +0 plate armour
rNeg   . . .     SustAt   .     (no shield)
rPois  .         Gourm    .     (no helmet)
rElec  .         Spirit   .     (no cloak)
rCorr  .         Warding  .     (no gloves)
rMut   .         Stasis   .     (no boots)
MR     .....                    g - amulet of faith
Stlth  ..........               (no ring)
                                (no ring)

@: not resistant to hostile enchantments, extremely unstealthy
A: claws 2
a: Depart the Abyss, Renounce Religion


You were on level 2 of the Dungeon.
You worshipped Lugonu.
Lugonu was aware of your devotion.
You were not hungry.

You visited 1 branch of the dungeon, and saw 3 of its levels.
You visited the Abyss 1 time.

You collected 103 gold pieces.

Inventory:

Hand Weapons
 a - a +1 mace (weapon)
 f - a +2 hunting sling of evasion
Armour
 b - a +0 leather armour
 m - a +0 plate armour (worn)
 n - a +1 ring mail of cold resistance
Jewellery
 g - an amulet of faith (around neck)
Scrolls
 d - 3 scrolls of teleportation
 j - 2 scrolls of identify
 k - a scroll of blinking {unknown}
 o - a scroll of random uselessness {unknown}
Comestibles
 c - 2 bread rations
 h - a meat ration
 i - a beef jerky


   Skills:
 + Level 3.6 Fighting
 + Level 2.4 Maces & Flails
 + Level 2.2 Armour
 + Level 1.6 Dodging
 + Level 2.7 Invocations


You had 2 spell levels left.
You didn't know any spells.

Dungeon Overview and Level Annotations

Branches:
Dungeon (3/15)

Altars:
Dithmenos


Innate Abilities, Weirdness & Mutations

You have very sharp fingernails.


Message History

You hit the iguana.
The iguana is heavily wounded.
The iguana bites you.
You closely miss the iguana.
The iguana is heavily wounded.
The iguana bites you. The iguana bites you!
* * * LOW HITPOINT WARNING * * *
You hit the iguana.
The iguana is heavily wounded.
The iguana bites you.
* * * LOW HITPOINT WARNING * * *
The iguana bites you but does no damage.
There is a stone staircase leading up here.
The iguana bites you but does no damage.
You climb upwards.
There is a stone staircase leading down here.
Your plate armour prevents you from hitting the iguana.
The iguana is heavily wounded.
The iguana bites you!
You die...

######## ##
#......##############.
#.>.l@................
#............#.§§§.#..
###......).....#.#§#.#..
#..............##.§§##..
#........##....#§#.#§#..
#......#######.§§._§§§..
#......# ###.#§#.##.
#......#### ##§§.###.
#.........# ##§## ##


You could see an iguana.

Vanquished Creatures
  2 adders (D:3)
  2 worms (D:2)
  A giant gecko (D:1)
  3 ball pythons
  3 giant cockroaches (D:2)
  7 hobgoblins
  A quokka (D:2)
  4 bats
  4 giant newts
  3 goblins
  6 kobolds
  2 rats (D:1)
38 creatures vanquished.

Notes
Turn   | Place    | Note
--------------------------------------------------------------
     0 | Abyss:1  | Yevrel the Demonspawn Abyssal Knight began the quest for the Orb.
     0 | Abyss:1  | Reached XP level 1. HP: 18/18 MP: 2/2
    12 | Abyss:1  | Noticed a tentacled starspawn
    13 | Abyss:1  | Noticed a neqoxec
    14 | Abyss:1  | Noticed a ynoxinul
    14 | Abyss:1  | Noticed a spatial maelstrom
    14 | Abyss:1  | Noticed a starcursed mass
    14 | Abyss:1  | Noticed a ynoxinul
    14 | Abyss:1  | Noticed a thrashing horror
    14 | Abyss:1  | Noticed a ynoxinul
    14 | Abyss:1  | Noticed an ancient zyme
    14 | Abyss:1  | Noticed a starcursed mass
    14 | Abyss:1  | Noticed a starcursed mass
    14 | Abyss:1  | Noticed a small abomination
    15 | Abyss:1  | Noticed a spatial vortex
    15 | D:1      | Escaped the Abyss
   207 | D:1      | Gained mutation: You have sharp fingernails. [demonic ancestry]
   207 | D:1      | Reached XP level 2. HP: 13/24 MP: 4/4
   342 | D:1      | Reached * piety under Lugonu
   730 | D:2      | Reached skill level 1 in Dodging
  1016 | D:2      | Gained mutation: You have very sharp fingernails. [demonic ancestry]
  1016 | D:2      | Reached XP level 3. HP: 20/29 MP: 5/5
  1239 | D:2      | Found a shadowy altar of Dithmenos.
  2174 | D:3      | HP: 1/29 [iguana (1)]
  2181 | D:2      | Mangled by an iguana

Action                   || total
-------------------------++-------
Melee: Mace              ||   185
Invok: Depart the Abyss  ||     1
  Use: Scroll            ||     3
       Potion            ||     2
  Eat: Bread ration      ||     1
